 Dungeon Crawl Stone Soup version 0.31.0-11-ge490571c62 (webtiles) character file.

Game seed: 11137476384300910266

1717213 juan097 the Slayer (level 27, 208/237 HPs)
             Began as a Minotaur Berserker on Jan 26, 2024.
             Was a High Priest of Trog.
             Escaped with the Orb
             ... and 3 runes!
             The game lasted 03:37:55 (68667 turns).

juan097 the Slayer (Minotaur Berserker)            Turns: 68667, Time: 03:37:55

Health: 208/237    AC: 49    Str: 29    XL:     27
Magic:  10/10      EV: 16    Int:  4    God:    Trog [*****.]
Gold:   3854       SH: 25    Dex: 16    Spells: 26/26 levels left

rFire   + + .        b - +9 broad axe (antimagic)
rCold   + + +        F - +2 tower shield {AC+3}
rNeg    . . .        g - +12 gold dragon scales
rPois   +            o - +0 mask of the Dragon {Will+ Slay+3 SInv}
rElec   +            m - +2 cloak {rC+}
rCorr   +            l - +3 pair of gauntlets of War {Slay+5}
SInv    +            Z - +3 pair of mountain boots {steadfast, rC+}
Will    +++++        U - amulet of the Burgomaster {Acrobat rF+} Stlth
                     Q - ring of Lyigh {rElec rCorr MP+9 Str+3}
HPRegen 1.59/turn    C - ring of the Tortoise {AC+8, =R}
MPRegen 0.12/turn

%: acrobat, clarity
@: mighty, strong-willed, corroded, enlightened, flying, regenerating, hasted,
very quick
A: horns 2, retaliatory headbutt, clarity, deformed body, frail 1, shaggy fur 1,
weak 2
0: Orb of Zot
}: 3/15 runes: serpentine, barnacled, slimy
a: Renounce Religion, Berserk, Trog's Hand, Brothers in Arms


You escaped.
You worshipped Trog.
Trog was extremely pleased with you.
You visited 11 branches of the dungeon, and saw 52 of its levels.
You visited 1 bazaar.
You also visited: Gauntlet and Ice Cave.

You collected 7416 gold pieces.
You spent 3562 gold pieces at shops.

Inventory:

Hand Weapons
 a - a +9 broad axe of flaming
 b - a +9 antimagic broad axe (weapon)
Missiles
 w - 9 silver javelins (quivered)
 A - 3 throwing nets
 D - 5 javelins
 T - 14 boomerangs
Armour
 g - +12 gold dragon scales (worn)
 l - the +3 pair of gauntlets of War (worn) {Slay+5}
   (You acquired it on level 3 of the Depths)

   Slay+5:    It affects your accuracy & damage with ranged weapons and melee
   (+5).
 m - a +2 cloak of cold resistance (worn)
 o - the +0 mask of the Dragon (worn) {Will+ Slay+3 SInv}
   (You found it on level 4 of the Shoals)

   Slay+3:    It affects your accuracy & damage with ranged weapons and melee
   (+3).
   Will+:     It increases your willpower.
   SInv:      It lets you see invisible.
 F - a +2 tower shield of protection (worn)
 Z - the +3 pair of mountain boots (worn) {steadfast, rC+}
   (You acquired it on level 1 of the Depths)

   Steadfast: It prevents involuntary movement, except for blinking,
   teleportation, or banishment.
   rC+:       It protects you from cold.
Jewellery
 d - the ring "Batoom" {Fly rF+ rN+ Str-5 Int+6}
   (You found it in an ice cave)

   [ring of positive energy]

   Str-5:     It affects your strength (-5).
   Int+6:     It affects your intelligence (+6).
   rF+:       It protects you from fire.
   rN+:       It protects you from negative energy.
   Fly:       It grants you flight.
 h - the ring "Fial" {rPois rN+ Dex+6}
   (You found it on level 3 of the Realm of Zot)

   [ring of positive energy]

   Dex+6:     It affects your dexterity (+6).
   rPois:     It protects you from poison rN+: It protects you from negative
   energy.
 C - the ring of the Tortoise (right hand) {AC+8, =R}
   (You took it off a merfolk on level 4 of the Shoals)

   [ring of protection]

   AC+8:      It affects your AC (+8).
 Q - the ring of Lyigh (left hand) {rElec rCorr MP+9 Str+3}
   (You bought it in a shop on level 1 of the Depths)

   [ring of magical power]

   Str+3:     It affects your strength (+3).
   rElec:     It insulates you from electricity.
   MP+9:      It affects your magic capacity (+9).
   rCorr:     It protects you from acid and corrosion.
 U - the amulet of the Burgomaster (around neck) {Acrobat rF+}
   (You found it on level 4 of the Depths)

   [amulet of the acrobat]

   Acrobat:   It increases your evasion while moving and waiting.
   rF+:       It protects you from fire.
Wands
 n - a wand of light (38)
 E - a wand of roots (63)
 P - a wand of digging (11)
Scrolls
 c - 5 scrolls of fear
 e - 4 scrolls of summoning
 p - 9 scrolls of immolation
 t - 21 scrolls of teleportation
 u - 7 scrolls of poison
 v - 4 scrolls of silence
 y - 2 scrolls of enchant weapon
 B - 7 scrolls of fog
 S - 7 scrolls of revelation
 V - a scroll of vulnerability
 X - 9 scrolls of blinking
Potions
 f - 7 potions of heal wounds
 k - 7 potions of lignification
 x - 16 potions of curing
 z - 6 potions of might
 G - 3 potions of cancellation
 I - 6 potions of attraction
 K - 6 potions of ambrosia
 L - 3 potions of enlightenment
 M - a potion of haste
 N - 4 potions of resistance
 R - 5 potions of invisibility
 W - 4 potions of mutation
 Y - 4 potions of berserk rage
Miscellaneous
 i - a condenser vane
 q - a lightning rod (4/4)
 J - a phial of floods


   Skills:
 + Level 24.6 Fighting
 - Level 19.0 Axes
 - Level 20.0 Throwing
 + Level 24.5 Armour
 - Level 21.0 Dodging
 - Level 10.0 Stealth
 + Level 22.6 Shields
 - Level 15.0 Evocations


You had 26 spell levels left.
You didn't know any spells.
Your spell library contained the following spells:

 Spells                   Type           Power      Damage    Failure   Level
 Ensorcelled Hibernation  Hex/Ice        0%         N/A       100%        2
 Lesser Beckoning         Tloc           0%         N/A       100%        2
 Frozen Ramparts          Ice            0%         1d1       100%        3
 Gell's Gravitas          Tloc           0%         N/A       100%        3
 Passwall                 Erth           0%         N/A       100%        3
 Summon Ice Beast         Ice/Summ       0%         N/A       100%        3
 Swiftness                Air            0%         N/A       100%        3
 Teleport Other           Tloc           0%         N/A       100%        3
 Vhi's Electric Charge    Tloc/Air       0%         N/A       100%        4
 Arcjolt                  Conj/Air       0%         1d10      100%        5
 Ozocubu's Refrigeration  Ice            0%         4d7       100%        7
 Maxwell's Capacitive Co  Air            0%         ∞         100%        8
 Polar Vortex             Ice            0%         N/A       100%        9


Dungeon Overview and Level Annotations

Branches:
Dungeon (15/15)            Temple (1/1) D:4            Lair (5/5) D:11
 Shoals (4/4) Lair:3        Snake (4/4) Lair:3        Slime (5/5) Lair:4
    Orc (2/2) D:12            Elf (3/3) Orc:2        Vaults (4/5) D:14
  Crypt (0/3) Vaults:3     Depths (4/4) D:15            Zot (5/5) Depths:4
  IceCv (visited)         Gauntlet (visited)

Altars:
Ashenzari
Cheibriados
Dithmenos
Elyvilon
Fedhas
Gozag
Hepliaklqana
Kikubaaqudgha
Makhleb
Nemelex Xobeh
Okawaru
Qazlal
Ru
Sif Muna
Trog
Uskayaw
Vehumet
Wu Jian
Xom
Yredelemnul
Zin
The Shining One

Shops:
D:15 *   Orc:2 (*(([   Elf:2 (   Elf:3 **   Depths:1 [:=:

Portals:
Hell: Depths:1 Depths:2 Depths:3 Depths:4
Abyss: Depths:3
Pandemonium: Depths:2
Ziggurat: Depths:2
Trove: Depths:2 (give +3 gold dragon scales)


Innate Abilities, Weirdness & Mutations

You have a pair of horns on your head.
You reflexively headbutt those who attack you in melee.
You possess an exceptional clarity of mind.
Armour fits poorly on your strangely shaped body.
You are frail. (-10% HP)
You are covered in fur. (AC +1)
You are very weak. (Str -4)


Message History

You block the Executioner's attack. You block Vead Nia's attack.
You block the Executioner's attack. x2
The Executioner hits you but does no damage.
You slash Vead Nia!
Vead Nia's magic leaks into the air.
Your headbutt misses Vead Nia.
Vead Nia is heavily wounded.
You slice the Executioner!!
The Executioner's magic leaks into the air.
You feel sick.
The Executioner hits you but does no damage. x3
You slice Vead Nia!!
Vead Nia's magic leaks into the air.
Vead Nia is severely wounded.
You closely miss the Executioner.
You feel sick.
You block the Executioner's attack. x2; The Executioner misses you.
You block Vead Nia's attack. You block the Executioner's attack.
The Executioner hits you but does no damage. x2
Unknown command.
You slice Vead Nia!!
Vead Nia's magic leaks into the air.
Vead Nia is almost dead.
You slice the Executioner!!
You kill the Executioner!
Trog accepts your kill.
You feel sick.
Unknown command.
You slice Vead Nia like a ripe choko!!!
You kill Vead Nia!
Trog accepts your kill.
You feel sick.
You feel sick.
You feel sick.
You feel sick.
You feel sick.
You feel sick.
You feel sick.
You are no longer poisoned.
You feel very buoyant.
You fly up into the air.
There is a fountain of clear blue water here.
There is a staircase leading out of the dungeon here.
You have escaped!

..# ###.#### ##.# ..#
##...# #.# ..# #..###
#.# ..# #...# #####.##
..# #...#####......#
..####.......##≈≈#'.#
.....#.#.....#....#.#
..##.#.#.....≈....≈.#
..##.#.#.....≈.⌠@.≈.#
####.#.#.....≈).).≈.#
#...#.....#.:..#.#
#>.####≈≈###≈≈####
#.##.#..§.#.....#
#.##.≈..§§≈.....#
#.##§≈.)§§≈.....#
#.##§≈§...≈.....#
####.##.#....#.....###


There were no monsters in sight!

Vanquished Creatures
  the Royal Jelly (Slime:5)
  Dissolution (Slime:3)
  2 dread liches
  An ancient lich (Zot:5)
  5 orbs of fire
  A juggernaut (Depths:4)
  Xtahua (Vaults:3)
  Bai Suzhen (Vaults:2)
  Vv (Zot:2)
  Saint Roka (Elf:3)
  Parghit (Depths:4)
  12 Killer Klowns
  6 golden dragons
  3 pandemonium lords
  Nikola (Vaults:2)
  Norris (Depths:2)
  3 electric golems
  3 doom hounds (Zot:4)
  A Brimstone Fiend (D:2)
  10 tentacled monstrosities
  28 Orb Guardians
  Jorgrun (D:14)
  4 liches
  Grunn (Zot:4)
  2 Ice Fiends
  3 deep elf blademasters
  9 acid blobs
  8 sphinxes
  2 titans
  5 quicksilver dragons
  2 krakens
  13 storm dragons
  7 death cobs
  3 Executioners
  2 tengu reavers
  5 shadow dragons
  Aizul (Elf:3)
  Donald (Orc:2)
  7 draconian knights
  7 protean progenitors
  7 draconian monks
  13 azure jellies
  3 nagarajas
  3 fire giants
  7 rockslimes (Slime:5)
  4 frost giants
  5 deep elf sorcerers
  A spectral caustic shrike (Depths:3)
  5 draconian scorchers
  2 iron dragons
  9 vault wardens
  2 deep elf elementalists
  4 ghost moths
  6 draconian shifters
  2 spectral juggernauts (Depths:3)
  A draconian stormcaller (Zot:4)
  4 draconian annihilators
  3 spriggan defenders
  A cacodemon (Depths:1)
  13 stone giants
  10 ironbound preservers
  10 very ugly things
  6 ironbound thunderhulks
  13 black draconians
  6 quicksilver oozes (Slime:5)
  8 green draconians
  8 formless jellyfish
  3 spectral titans (Depths:3)
  8 deep elf annihilators (Elf:3)
  6 vampire knights
  3 war gargoyles
  9 deep elf death magi
  A lorocyproca (D:2)
  Azrael (Orc:2)
  7 deep elf demonologists
  10 purple draconians
  6 red draconians
  6 spark wasps
  6 white draconians
  4 eidola (Depths:3)
  14 dire elephants
  9 yellow draconians
  2 minotaurs
  A green death (D:13)
  Snorg (D:12)
  8 fire dragons
  6 ettins
  5 jiangshi
  3 merfolk impalers
  4 deep elf high priests (Elf:3)
  3 merfolk javelineers
  2 spectral spriggans
  A spectral golden dragon (Depths:3)
  6 yaktaur captains
  2 spectral sphinxes (Depths:3)
  3 spectral tengu (Depths:3)
  A spectral shadow dragon (Depths:3)
  6 spriggan air magi
  A peacekeeper (Vaults:4)
  3 great orbs of eyes
  3 rakshasas
  An entropy weaver (Vaults:2)
  2 vault guards (D:14)
  Erolcha (D:13)
  Harold (D:10)
  6 ice dragons
  4 hydras
  6 radroaches (Zot:5)
  A hell beast (Zot:4)
  9 centaur warriors
  A juggernaut simulacrum (Depths:3)
  6 anacondas
  A catoblepas (Lair:5)
  3 spectral fire giants (Depths:3)
  9 ironbound frosthearts
  A spectral frost giant (Depths:3)
  22 dancing weapons
  2 merfolk avatars
  2 ogre magi
  6 boulder beetles
  15 naga warriors
  5 tengu warriors
  7 deep troll shamans
  A merfolk aquamancer (Shoals:2)
  Urug (Lair:4)
  3 spriggan berserkers
  4 deep troll earth magi
  4 two-headed ogres
  12 death yaks
  6 vampire magi
  2 alligator snapping turtles
  7 satyrs
  4 orc high priests (Orc:2)
  6 shock serpents
  8 spriggans
  13 deep elf knights
  4 naga sharpshooters
  39 hell knights
  2 soul eaters
  14 skysharks
  4 salamander mystics (Snake:4)
  A spectral spark wasp (Depths:3)
  4 iron trolls
  6 arcanists
  40 deep trolls
  12 sea snakes
  11 glowing orange brains
  6 flayed ghosts
  2 naga ritualists (Snake:4)
  11 deep elf archers
  10 mana vipers
  8 bog bodies (IceCv)
  A kraken simulacrum (Shoals:2)
  A lindwurm (shapeshifter) (Depths:2)
  2 quicksilver dragon simulacra (Depths:3)
  19 ironbound convokers
  2 spriggan simulacra (IceCv)
  2 orc knights
  7 lindwurms
  27 deep elf zephyrmancers
  4 spectral iron dragons (Depths:3)
  A tengu zombie (Vaults:3)
  2 obsidian statues
  34 deep elf pyromancers
  A large abomination (Zot:4)
  14 harpies
  2 orange crystal statues (Depths:3)
  4 phantasmal warriors (Depths:3)
  31 ugly things
  13 necromancers
  A glowing shapeshifter (Depths:2)
  25 fauns
  A sphinx simulacrum (Depths:3)
  6 cyclopes
  A fire giant zombie (Vaults:3)
  2 orc sorcerers (Orc:2)
  17 salamanders
  2 oklob plants (Lair:3)
  8 manticores
  5 shining eyes
  A human skeleton (Vaults:3)
  29 moths of wrath
  A moth of wrath (shapeshifter) (Depths:4)
  A stone giant skeleton (Vaults:3)
  7 guardian serpents
  A stone giant zombie (Vaults:4)
  Maurice (D:7)
  23 elephants
  41 black mambas
  A rust devil (D:1)
  3 water nymphs
  8 merfolk sirens
  9 naga magi
  13 vault sentinels
  Joseph (D:7)
  3 gargoyles
  2 ice statues (Snake:2)
  2 orange demons
  A smoke demon (Gauntlet)
  3 titan simulacra (Depths:3)
  Maggie (D:7)
  10 cane toads
  A storm dragon simulacrum (Depths:3)
  2 eyes of devastation (Slime:5)
  An elf skeleton (Vaults:4)
  2 kobold demonologists (D:10)
  A torpor snail (Lair:4)
  16 komodo dragons
  4 unseen horrors
  3 rime drakes
  6 spectral glowing shapeshifters (Depths:3)
  7 anaconda simulacra (IceCv)
  13 freezing wraiths (IceCv)
  Psyche (D:8)
  3 tengu conjurers
  16 yaktaurs
  22 merfolk
  A red devil (Gauntlet)
  4 polar bears
  An ice devil (IceCv)
  9 trolls
  A merfolk (shapeshifter) (Depths:3)
  A hellwing (D:15)
  8 hornets
  4 wind drakes
  3 alligator simulacra (IceCv)
  8 blink frogs
  A dream sheep (shapeshifter) (Depths:2)
  An iron dragon simulacrum (Depths:3)
  6 dream sheep (Shoals:4)
  3 glass eyes
  3 centaur simulacra
  8 snapping turtles
  2 shadows
  A deep troll skeleton (Vaults:3)
  An air elemental (Elf:2)
  A ynoxinul (Zot:4)
  2 dire elephant simulacra (IceCv)
  7 water elementals
  4 wraiths
  67 yaks
  101 slime creatures
  9 wyverns
  7 fire elementals
  A vampire (D:14)
  3 basilisks
  19 humans (D:14)
  An alligator snapping turtle simulacrum (Shoals:2)
  2 wargs
  11 vampire mosquitoes
  2 redbacks (Vaults:2)
  3 steam dragons
  A redback simulacrum (D:15)
  3 sea snake simulacra (Shoals:2)
  3 chaos spawn
  A neqoxec (D:15)
  3 death yak simulacra (Shoals:2)
  3 acid dragons
  3 harpy simulacra (IceCv)
  40 nagas
  15 water moccasins
  A two-headed ogre zombie (D:12)
  3 hydra simulacra (IceCv)
  A glowing shapeshifter skeleton (Vaults:4)
  3 hell hounds (Orc:2)
  A swamp drake (D:11)
  22 orc warriors
  A satyr simulacrum (Shoals:2)
  An ettin simulacrum (IceCv)
  2 laughing skulls (Gauntlet)
  4 ogres
  44 wolves
  3 boggarts (Vaults:1)
  16 centaurs
  A phantom (D:12)
  2 earth elementals (Elf:3)
  3 kobold brigands
  5 bullfrogs
  A scorpion (D:5)
  3 deep troll simulacra (IceCv)
  2 faun simulacra (Shoals:2)
  2 gnoll sergeants (D:5)
  3 glowing shapeshifter simulacra (Depths:3)
  A small abomination (D:12)
  8 wights
  A troll zombie (D:12)
  2 lindwurm simulacra (IceCv)
  A manticore simulacrum (Shoals:2)
  22 killer bees
  A snapping turtle simulacrum (Shoals:2)
  4 electric eels
  10 howler monkeys
  5 bombardier beetles
  2 crimson imps (Gauntlet)
  4 hounds
  3 jellies
  Crazy Yiuf (D:3)
  43 orc priests
  3 sleepcaps
  2 gnoll boudas
  3 cyclops simulacra (Shoals:2)
  Jessica (D:3)
  2 iguanas (D:5)
  22 orc wizards
  6 ogre zombies (D:12)
  18 gnolls
  6 adders
  4 shadow imps
  3 white imps
  3 ufetubi
  2 dart slugs
  A ribbon worm (D:4)
  44 orcs
  6 bats
  8 endoplasms
  3 giant cockroaches
  6 gnoll zombies (D:12)
  3 goblins
  9 hobgoblins
  14 kobolds
  2 quokkas
  2 training dummies (Orc:2)
  2 ball pythons (D:1)
  2 frilled lizards (D:3)
  4 gnoll skeletons (D:12)
  3 orc skeletons (D:12)
  12 orc zombies (D:12)
  5 rats
  2 aspiring fleshes (Zot:5)
  4 tentacles
2145 creatures vanquished.

Vanquished Creatures (collateral kills)
  Mara (Vaults:3)
  An acid blob (Slime:5)
  A rockslime (Slime:5)
  A minotaur (Gauntlet)
  A vault sentinel (Vaults:3)
5 creatures vanquished.

Vanquished Creatures (others)
  A dread lich (Zot:5)
  A fire giant (Depths:4)
  A deep elf knight (Elf:3)
  A deep elf pyromancer (Elf:1)
  3 deep elf zephyrmancers
  A training dummy (Orc:2)
  27 tentacles
35 creatures vanquished.

Grand Total: 2185 creatures vanquished

Notes
Turn   | Place    | Note
-------+----------+-------------------------------------------
     0 | D:1      | juan097 the Minotaur Berserker began the quest for the Orb.
     0 | D:1      | Reached XP level 1. HP: 19/19 MP: 0/0
   239 | D:1      | Reached XP level 2. HP: 27/27 MP: 1/1
   768 | D:2      | Reached skill level 1 in Stealth
   778 | D:2      | Reached ** piety under Trog
  1041 | D:2      | Reached XP level 3. HP: 34/34 MP: 2/2
  1094 | D:2      | Identified the +1 mace of the Moon {flame, ^Drain Str+5}
  1569 | D:3      | Found a bloodstained altar of Trog.
  1657 | D:3      | Found a runed translucent door.
  1658 | D:3      | Noticed Crazy Yiuf
  1680 | D:3      | Found a basalt altar of Yredelemnul.
  1734 | D:3      | Reached XP level 4. HP: 40/41 MP: 3/3
  1857 | D:3      | Identified the +6 short sword of Kyicas {drain, rPois rC-
                  | MP-9 Int+8}
  1914 | D:3      | Found a blossoming altar of Fedhas.
  2053 | D:3      | Found a faded altar of an unknown god.
  2214 | D:3      | Noticed Jessica
  2218 | D:3      | Killed Jessica
  2219 | D:3      | Reached skill level 5 in Fighting
  2219 | D:3      | Reached skill level 5 in Axes
  2219 | D:3      | Reached XP level 5. HP: 48/48 MP: 4/4
  2498 | D:4      | Found a staircase to the Ecumenical Temple.
  2518 | Temple   | Entered the Ecumenical Temple
  2528 | D:4      | Reached *** piety under Trog
  2864 | D:4      | Found a shimmering blue altar of Sif Muna.
  2931 | D:4      | Found a burning altar of Makhleb.
  2953 | D:4      | Reached XP level 6. HP: 52/56 MP: 5/5
  3056 | D:4      | Reached skill level 1 in Shields
  3292 | D:5      | Entered Level 5 of the Dungeon
  3467 | D:5      | Reached XP level 7. HP: 49/61 MP: 6/6
  3553 | D:5      | You fall into a shaft and drop 3 floors!
  3619 | D:7      | Noticed Maggie
  3634 | D:7      | Killed Maggie
  3636 | D:7      | Noticed Joseph
  3740 | D:8      | Reached XP level 8. HP: 38/68 MP: 7/7
  4009 | D:8      | Noticed Psyche
  4013 | D:8      | Killed Psyche
  4031 | D:8      | Reached skill level 10 in Axes
  4134 | D:7      | Noticed Maurice
  4339 | D:5      | Found a snail-covered altar of Cheibriados.
  4351 | D:5      | Reached XP level 9. HP: 78/78 MP: 8/8
  4525 | D:5      | Found a shimmering altar of Xom.
  4591 | D:5      | Found a hide-covered altar of Uskayaw.
  4678 | D:6      | Reached skill level 5 in Armour
  4894 | D:6      | Noticed a troll
  4898 | D:6      | Killed a troll
  5027 | D:6      | Reached **** piety under Trog
  5867 | D:7      | Killed Joseph
  5868 | D:7      | Reached skill level 1 in Evocations
  6217 | D:8      | Reached skill level 1 in Throwing
  6244 | D:7      | Something stole 360 gold
  6245 | D:7      | Something stole the +6 short sword of Kyicas {drain, rPois
                  | rC- MP-9 Int+8}
  6247 | D:7      | Something stole a beast talisman
  6389 | D:7      | Maurice stole a +0 kite shield
  6394 | D:7      | Killed Maurice
  6395 | D:7      | Reached XP level 10. HP: 54/88 MP: 5/9
  6897 | D:7      | Found an ornate altar of the Wu Jian Council.
  6949 | D:7      | Found an ancient bone altar of Kikubaaqudgha.
  7286 | D:8      | Found an iron altar of Okawaru.
  7286 | D:8      | Found a runed translucent door.
  7291 | D:8      | Noticed a gargoyle
  7293 | D:8      | Found the +0 toga "Victory" {*Victory Clar}
  7672 | D:9      | Reached skill level 5 in Evocations
  7678 | D:9      | Reached ***** piety under Trog
  8537 | D:9      | Found a sacrificial altar of Ru.
  8641 | D:10     | Entered Level 10 of the Dungeon
  8951 | D:10     | Noticed Harold
  8968 | D:10     | Killed Harold
  8969 | D:10     | Reached XP level 11. HP: 91/95 MP: 10/10
  8982 | D:10     | Noticed a sun demon
  8990 | D:10     | Reached skill level 5 in Shields
  9031 | D:10     | Reached skill level 5 in Dodging
  9065 | D:10     | Noticed a two-headed ogre
  9189 | D:10     | Killed a two-headed ogre
  9190 | D:10     | Reached skill level 5 in Throwing
  9980 | D:11     | Found a staircase to the Lair.
 10138 | D:11     | Reached skill level 10 in Fighting
 10706 | Lair:1   | Entered Level 1 of the Lair of Beasts
 10723 | Lair:1   | Received a gift from Trog
 10959 | Lair:1   | Reached XP level 12. HP: 56/106 MP: 11/11
 13405 | Lair:2   | You fall into a shaft and drop 2 floors!
 13654 | Lair:4   | Received a gift from Trog
 13668 | Lair:4   | Found a staircase to the Slime Pits.
 13884 | Lair:4   | Reached skill level 15 in Axes
 13960 | Lair:4   | Noticed an eight-headed hydra
 14110 | Lair:4   | Reached skill level 10 in Armour
 14265 | Lair:4   | Noticed Urug
 14265 | Lair:4   | Paralysed by Urug for 2 turns
 14288 | Lair:4   | Killed Urug
 14289 | Lair:4   | Reached XP level 13. HP: 106/116 MP: 12/12
 15462 | D:12     | Noticed Snorg
 15488 | D:12     | Killed Snorg
 15684 | D:12     | Found a staircase to the Orcish Mines.
 15720 | D:12     | Received a gift from Trog
 16383 | Lair:3   | Found a staircase to the Shoals.
 17033 | Lair:3   | Found a staircase to the Snake Pit.
 17579 | Lair:3   | Found a shadowy altar of Dithmenos.
 17835 | Lair:4   | Reached XP level 14. HP: 126/126 MP: 13/13
 18298 | Lair:5   | Entered Level 5 of the Lair of Beasts
 18683 | Lair:5   | Reached ****** piety under Trog
 18685 | Lair:5   | Received a gift from Trog
 20171 | Lair:5   | Reached skill level 10 in Throwing
 20647 | Orc:1    | Entered Level 1 of the Orcish Mines
 20888 | Orc:1    | Received a gift from Trog
 21141 | Orc:2    | Entered Level 2 of the Orcish Mines
 21141 | Orc:2    | Found a gate leading to a gauntlet.
 21141 | Orc:2    | Found a staircase to the Elven Halls.
 21154 | Gauntlet | Entered a Gauntlet
 21154 | Gauntlet | Found a transporter.
 21154 | Gauntlet | Found a transporter.
 21155 | Gauntlet | Found a transporter.
 21155 | Gauntlet | Found a transporter.
 21158 | Gauntlet | Found a transporter.
 21169 | Gauntlet | Found a transporter.
 21190 | Gauntlet | Found a transporter.
 21212 | Gauntlet | Found a transporter.
 21232 | Gauntlet | Found a transporter.
 21238 | Gauntlet | Found a transporter.
 21260 | Gauntlet | Found a transporter.
 21308 | Gauntlet | Found a transporter.
 21471 | Gauntlet | Identified the ring of Siosug {rF+ rC- Int+5}
 21714 | Orc:2    | Noticed Azrael
 21733 | Orc:2    | Killed Azrael
 21737 | Orc:2    | Reached skill level 10 in Evocations
 21991 | Orc:2    | Noticed Donald
 22159 | Orc:2    | Killed Donald
 22160 | Orc:2    | Reached XP level 15. HP: 45/132 MP: 14/14
 22520 | Orc:2    | Found Huubbacu's Firing Range.
 23230 | Orc:2    | Gained mutation: Your magical capacity is low. (-10% MP) [a
                  | neqoxec]
 23409 | Orc:2    | Received a gift from Trog
 23728 | Orc:2    | Found Asok's Antique Weapon Shop.
 23728 | Orc:2    | Found Ecru's Antique Weapon Boutique.
 23729 | Orc:2    | Found Vumem's Assorted Antiques.
 23733 | Orc:2    | Found Icoe's Antique Armour Shop.
 23743 | Orc:2    | Bought a purple potion for 28 gold pieces
 23743 | Orc:2    | Bought a metallic amethyst potion for 28 gold pieces
 23743 | Orc:2    | Bought a scroll labelled TAPPYCW UFIQA for 32 gold pieces
 23743 | Orc:2    | Bought a scroll labelled CAQOEN UDWYA for 32 gold pieces
 23743 | Orc:2    | Bought a scroll of identify for 64 gold pieces
 23965 | Orc:2    | Bought a pair of glowing boots for 232 gold pieces
 23981 | Orc:2    | Bought a crude scale mail for 279 gold pieces
 23981 | Orc:2    | Identified the +1 scale mail of Okawaru, Hammering {^Drain
                  | rF+ rC+ rCorr} (You bought it in a shop on level 2 of the
                  | Orcish Mines)
 23983 | Orc:2    | Bought a shiny plate armour for 806 gold pieces
 24022 | Orc:2    | Bought a twisted ring mail for 279 gold pieces
 24022 | Orc:2    | Identified the +0 ring mail of Zin's Scorn {+Inv Regen+
                  | Int+3} (You bought it in a shop on level 2 of the Orcish
                  | Mines)
 24760 | D:12     | Reached skill level 10 in Shields
 25187 | D:3      | Killed Crazy Yiuf
 25543 | D:12     | Found a hazy altar of Hepliaklqana.
 25603 | D:13     | Noticed Erolcha
 25615 | D:13     | Killed Erolcha
 25922 | D:13     | Identified the +0 ring mail "Muriqeokapt" {rElec rC+}
 26128 | D:14     | Noticed Jorgrun
 26144 | D:14     | Killed Jorgrun
 26266 | D:14     | Received a gift from Trog
 26675 | D:14     | Found a gate to the Vaults.
 27223 | D:14     | Identified the +6 falchion of Utill {spect, rPois MP+9
                  | Int+2 Dex+2}
 27460 | Orc:2    | Bought a glowing broad axe for 224 gold pieces
 27651 | D:15     | Entered Level 15 of the Dungeon
 28218 | D:15     | Found a staircase to the Depths.
 28281 | D:15     | Found Oxalidix's General Store.
 28284 | D:15     | Bought a scroll of blinking for 135 gold pieces
 28284 | D:15     | Bought a scroll of identify for 36 gold pieces
 28528 | D:15     | Reached skill level 5 in Stealth
 28528 | D:15     | Reached XP level 16. HP: 62/141 MP: 7/13
 28875 | D:15     | Bought a scroll of enchant weapon for 135 gold pieces
 29038 | Shoals:1 | Entered Level 1 of the Shoals
 29113 | Shoals:1 | Found a transporter.
 29114 | Shoals:1 | Found a transporter.
 29137 | Shoals:1 | Received a gift from Trog
 29232 | Shoals:1 | Found a transporter.
 29245 | Shoals:1 | Found a transporter.
 29254 | Shoals:1 | Found a transporter.
 29254 | Shoals:1 | Found a transporter.
 29891 | Shoals:1 | Noticed a kraken
 29933 | Shoals:1 | Killed a kraken
 30996 | Shoals:2 | Found a runed translucent gate.
 31261 | Shoals:2 | Found a runed translucent gate.
 31262 | Shoals:2 | Found a runed translucent gate.
 31339 | Shoals:2 | Received a gift from Trog
 31473 | Shoals:2 | Reached skill level 10 in Dodging
 32864 | Shoals:4 | Entered Level 4 of the Shoals
 33225 | Shoals:4 | Found the +0 mask of the Dragon {Will+ Slay+3 SInv}
 33230 | Shoals:4 | Identified the +1 whip of Dithmenos, Uplifting {heavy,
                  | Will+}
 33241 | Shoals:4 | Reached XP level 17. HP: 105/152 MP: 11/14
 33409 | Shoals:4 | Identified the beast talisman of the Bulwark {*Corrode Fly
                  | rElec Dex+4}
 33439 | Shoals:4 | Received a gift from Trog
 33505 | Shoals:4 | Noticed a sphinx
 33523 | Shoals:4 | Killed a sphinx
 33590 | Shoals:4 | Noticed a sphinx
 33593 | Shoals:4 | Noticed a sphinx
 33599 | Shoals:4 | Killed a sphinx
 33609 | Shoals:4 | Killed a sphinx
 33740 | Shoals:4 | Noticed a kraken
 33799 | Shoals:4 | Killed a kraken
 33902 | Shoals:4 | Got a barnacled rune of Zot
 34485 | Shoals:1 | Found a gateway to a bazaar.
 34690 | Snake:1  | Entered Level 1 of the Snake Pit
 34693 | Snake:1  | Received a gift from Trog
 35306 | Snake:1  | Reached skill level 15 in Fighting
 35646 | Snake:2  | Found a glacial archway.
 35661 | Snake:2  | Reached skill level 15 in Armour
 36016 | IceCv    | Entered an ice cave
 36292 | IceCv    | Found an ancient bone altar of Kikubaaqudgha.
 36366 | IceCv    | Received a gift from Trog
 36600 | IceCv    | Noticed a lich
 36607 | IceCv    | Killed a lich
 36628 | IceCv    | Got the Atlas of the Iceberg
 36666 | IceCv    | Identified the ring "Batoom" {Fly rF+ rN+ Str-5 Int+6}
 37312 | Snake:2  | Reached skill level 15 in Shields
 37315 | Snake:2  | Reached XP level 18. HP: 94/166 MP: 15/15
 37728 | Snake:2  | Received a gift from Trog
 38355 | Snake:3  | Identified the +1 pair of gloves of Acaxoimu {Str+4}
 38580 | Snake:4  | Entered Level 4 of the Snake Pit
 40524 | Snake:4  | Received a gift from Trog
 41337 | Snake:4  | Got a serpentine rune of Zot
 41739 | Vaults:1 | Entered Level 1 of the Vaults
 42540 | Vaults:1 | Received a gift from Trog
 43018 | Vaults:2 | Reached XP level 19. HP: 170/174 MP: 16/16
 43187 | Vaults:2 | Paralysed by a formless jellyfish for 1 turns
 43200 | Vaults:2 | Noticed Nikola
 43240 | Vaults:2 | Killed Nikola
 43452 | Vaults:2 | Received a gift from Trog
 43483 | Vaults:2 | Noticed Bai Suzhen
 43500 | Vaults:2 | Killed Bai Suzhen
 44467 | Vaults:3 | Found a staircase to the Crypt.
 44467 | Vaults:3 | Found an ancient bone altar of Kikubaaqudgha.
 44467 | Vaults:3 | Found a basalt altar of Yredelemnul.
 44500 | Vaults:3 | Noticed Mara
 44504 | Vaults:3 | Noticed juan097's illusion
 44511 | Vaults:3 | Killed Mara
 44725 | Vaults:3 | Noticed Xtahua
 44741 | Vaults:3 | Killed Xtahua
 44820 | Vaults:3 | Received a gift from Trog
 46068 | Vaults:4 | Received a gift from Trog
 46071 | Vaults:4 | Reached XP level 20. HP: 176/187 MP: 17/17
 46641 | Vaults:4 | Paralysed by a sphinx for 4 turns
 47054 | Elf:1    | Entered Level 1 of the Elven Halls
 47064 | Elf:1    | Received a gift from Trog
 48624 | Elf:2    | Found Xus Izi's Antique Weapon Boutique.
 48646 | Elf:2    | Received a gift from Trog
 48898 | Elf:2    | Paralysed by an air elemental for 1 turns
 49012 | Elf:2    | Found a runed translucent gate.
 49013 | Elf:2    | Found a runed translucent gate.
 49013 | Elf:2    | Found a runed translucent gate.
 49959 | Elf:3    | Entered Level 3 of the Elven Halls
 49959 | Elf:3    | Identified the serpent talisman of Light {rC+ Dex+2 SInv}
 49959 | Elf:3    | Noticed Aizul
 49966 | Elf:3    | Killed Aizul
 50013 | Elf:3    | Found Xaopn's General Store.
 50018 | Elf:3    | Found Oseble's Assorted Antiques.
 50021 | Elf:3    | Bought a scroll of fog for 76 gold pieces
 50094 | Elf:3    | Bought a scroll of blinking for 195 gold pieces
 50100 | Elf:3    | Bought a scroll of fog for 104 gold pieces
 50547 | Elf:3    | Reached skill level 15 in Dodging
 50694 | Elf:3    | Noticed Saint Roka
 50710 | Elf:3    | Killed Saint Roka
 51025 | Elf:3    | Reached XP level 21. HP: 174/192 MP: 17/17
 51063 | Elf:3    | Identified the +1 war axe "Houghi Kink" {heavy, rN+}
 51063 | Elf:3    | Identified the +3 robe of Dithmenos's Grace {rF++}
 51068 | Elf:3    | Received a gift from Trog
 51292 | Elf:3    | Found the +8 demon trident "Rift" {distort, reach+}
 51360 | Elf:3    | Identified the staff "Cyol Zex" {rElec Will- rCorr Tloc Air
                  | Alchemy}
 51371 | Elf:3    | Identified the +3 quarterstaff of Contention {freeze,
                  | Dex+4}
 51374 | Elf:3    | Identified the +2 leather armour of the Louse {-Cast Fly
                  | rElec}
 51384 | Elf:3    | Identified a scroll of acquirement
 51411 | Elf:3    | Identified the +5 short sword "Killer Bee's Curse"
                  | {protect, rElec rF+ rCorr Int+3}
 51566 | Elf:3    | Acquired a manual of Dodging
 51959 | Bazaar   | Entered a bazaar
 51971 | Bazaar   | Found Utasac's Antique Weapon Shoppe.
 51974 | Bazaar   | Found Viklyep's Antique Weapon Emporium.
 51999 | Bazaar   | Found Esauma's Antique Armour Shoppe.
 52011 | Bazaar   | Found Huwibus's Antique Armour Emporium.
 52016 | Bazaar   | Bought a shiny chain mail for 97 gold pieces
 52132 | Slime:1  | Entered Level 1 of the Pits of Slime
 52289 | Slime:2  | Paralysed by a formless jellyfish for 1 turns
 52412 | Slime:1  | Gained mutation: You sometimes lose your temper in combat.
                  | [a shining eye]
 52718 | D:14     | Lost mutation: Your magical capacity is low. (-10% MP)
                  | [potion of mutation]
 52718 | D:14     | Lost mutation: You sometimes lose your temper in combat.
                  | [potion of mutation]
 52718 | D:14     | Gained mutation: You possess an exceptional clarity of
                  | mind. [potion of mutation]
 52718 | D:14     | Gained mutation: You are covered in fur. (AC +1) [potion of
                  | mutation]
 52718 | D:14     | Gained mutation: You are frail. (-10% HP) [potion of
                  | mutation]
 52913 | Slime:2  | Paralysed by a formless jellyfish for 1 turns
 52927 | Slime:2  | Received a gift from Trog
 53060 | Slime:3  | Noticed Dissolution
 53065 | Slime:3  | Killed Dissolution
 53200 | Slime:5  | Entered Level 5 of the Pits of Slime
 53242 | Slime:5  | Paralysed by a formless jellyfish for 1 turns
 53546 | Slime:5  | Gained mutation: Armour fits poorly on your strangely
                  | shaped body. [a shining eye]
 53556 | Slime:5  | Noticed the Royal Jelly
 53570 | Slime:5  | Killed the Royal Jelly
 53988 | Slime:5  | Identified the +11 sling "Q" {drain, Will+ Str+3 Int+4
                  | Stlth-}
 53992 | Slime:5  | Identified the +0 scale mail "Cevvuno" {rPois rCorr Dex-3}
 53998 | Slime:5  | Got a slimy rune of Zot
 54238 | Slime:5  | Identified the +5 war axe of Hard Scrabble {heavy, rF+}
 54245 | Slime:5  | Identified the +4 battleaxe of Qeyxt {spect, rPois rCorr
                  | Str+3}
 54254 | Slime:5  | Identified the +0 robe of the Several Realms {*Corrode
                  | Dex+7}
 54837 | Depths:1 | Entered Level 1 of the Depths
 55222 | Depths:1 | Received a gift from Trog
 55231 | Depths:1 | Reached skill level 15 in Throwing
 55258 | Depths:1 | Reached XP level 22. HP: 164/188 MP: 21/21
 55330 | Depths:1 | Acquired the +3 pair of mountain boots {steadfast, rC+}
 55330 | Depths:1 | Found the +3 pair of mountain boots {steadfast, rC+}
 55385 | Depths:1 | Found Xouduum's Antique Armour Emporium.
 55478 | Depths:1 | Found Cuox Buu's Book Shop.
 55478 | Depths:1 | Found Mienwel's Jewellery Shoppe.
 55499 | Depths:1 | Found Duukypos's Book Shop.
 55567 | Depths:1 | Acquired 737 gold pieces
 55573 | Depths:1 | Bought the ring of Lyigh {rElec rCorr MP+9 Str+3} for 780
                  | gold pieces
 56127 | Depths:1 | Found a broken altar of Ashenzari.
 56365 | Depths:1 | Found a gateway to Hell.
 56584 | Depths:2 | Noticed Norris
 56589 | Depths:2 | Killed Norris
 56694 | Depths:2 | Found a shadowy altar of Dithmenos.
 56763 | Depths:2 | Found a one-way gateway to a ziggurat.
 56977 | Depths:2 | Found a portal to a secret trove of treasure.
 57099 | Depths:2 | Received a gift from Trog
 57194 | Depths:2 | Found a one-way gate leading to the halls of Pandemonium.
 57469 | Depths:2 | Noticed a golden dragon
 57476 | Depths:2 | Killed a golden dragon
 58069 | Depths:3 | Received a gift from Trog
 58546 | Depths:3 | Found a one-way gate to the infinite horrors of the Abyss.
 58785 | Depths:3 | Received a gift from Trog
 59030 | Depths:3 | Reached XP level 23. HP: 194/194 MP: 22/22
 59180 | Depths:3 | Reached XP level 24. HP: 203/203 MP: 22/22
 59397 | Depths:3 | Noticed a dread lich
 59410 | Depths:3 | Paralysed by a dread lich for 3 turns
 59416 | Depths:3 | Killed a dread lich
 59969 | Depths:3 | Acquired the +3 pair of gauntlets of War {Slay+5}
 59969 | Depths:3 | Found the +3 pair of gauntlets of War {Slay+5}
 60080 | Depths:3 | Reached XP level 25. HP: 210/210 MP: 14/22
 60198 | Depths:4 | Entered Level 4 of the Depths
 60358 | Depths:4 | Reached skill level 15 in Evocations
 60413 | Depths:4 | Found a gate to the Realm of Zot.
 60504 | Depths:4 | Received a gift from Trog
 60738 | Depths:4 | Noticed Parghit
 60751 | Depths:4 | Killed Parghit
 60764 | Depths:4 | Noticed a juggernaut
 60778 | Depths:4 | Killed a juggernaut
 61099 | Depths:4 | Identified the amulet of the Burgomaster {Acrobat rF+}
 61416 | Zot:1    | Entered Level 1 of the Realm of Zot
 61670 | Zot:1    | Noticed an orb of fire
 61684 | Zot:1    | Killed an orb of fire
 61825 | Zot:1    | Received a gift from Trog
 61923 | Zot:1    | Reached skill level 10 in Stealth
 62676 | Zot:2    | Noticed Vv
 62699 | Zot:2    | Killed Vv
 63060 | Zot:2    | Noticed a Killer Klown
 63071 | Zot:2    | Killed a Killer Klown
 63441 | Zot:3    | Reached XP level 26. HP: 190/222 MP: 22/22
 63710 | Zot:3    | Received a gift from Trog
 63854 | Zot:3    | Identified the ring "Fial" {rPois rN+ Dex+6}
 64581 | Zot:4    | Noticed Grunn
 64610 | Zot:4    | Killed Grunn
 65602 | Zot:5    | Entered Level 5 of the Realm of Zot
 65624 | Zot:5    | Received a gift from Trog
 66549 | Zot:5    | Noticed a dread lich
 66551 | Zot:5    | Paralysed by a dread lich for 2 turns
 66567 | Zot:5    | Killed a dread lich
 66579 | Zot:5    | Noticed an orb of fire
 66583 | Zot:5    | Noticed an orb of fire
 66589 | Zot:5    | Killed an orb of fire
 66591 | Zot:5    | Noticed an orb of fire
 66602 | Zot:5    | Noticed an orb of fire
 66604 | Zot:5    | Noticed a dread lich
 66605 | Zot:5    | Noticed an ancient lich
 66610 | Zot:5    | Gained mutation: You are weak. (Str -2) [an orb of fire]
 66611 | Zot:5    | Killed an orb of fire
 66611 | Zot:5    | Gained mutation: You are very weak. (Str -4) [an orb of
                  | fire]
 66619 | Zot:5    | Killed a dread lich
 66622 | Zot:5    | Killed an ancient lich
 66634 | Zot:5    | Killed an orb of fire
 66640 | Zot:5    | Killed an orb of fire
 66679 | Zot:5    | Identified the +5 battleaxe "Ofuq" {flame, Fly rC++} (Trog
                  | gifted it to you on level 5 of the Realm of Zot)
 66679 | Zot:5    | Received a gift from Trog
 66940 | Zot:5    | Reached XP level 27. HP: 160/234 MP: 22/22
 67958 | Zot:5    | Got the Orb of Zot
 68015 | Zot:4    | Noticed Amaelun the pandemonium lord
 68040 | Zot:4    | Killed Amaelun the pandemonium lord
 68070 | Zot:4    | Noticed Rustremp the pandemonium lord
 68349 | D:12     | Noticed Ukluk the pandemonium lord
 68374 | D:12     | Killed Ukluk the pandemonium lord
 68629 | D:1      | Noticed Vead Nia the pandemonium lord
 68643 | D:1      | Killed Vead Nia the pandemonium lord
 68667 | D:$      | Escaped with the Orb!

Illustrated notes

Levels and vault maps discovered:
D:1:      dpeg_arrival_rooms_with_view, layout_basic
D:2:      layout_basic, chequers_serial_rivers_room_b, minivault_5
D:3:      layout_loops_ring, yredelemnul_altar_generic,
          mainiacjoe_overflow_catwalk, fedhas_altar_3,
          ebering_ecumenical_altar_rust, grunt_ministairs_10,
          minmay_misc_feat_iff, uniq_jessica, uniq_crazy_yiuf_cottage
D:4:      layout_gridville, marbit_many_paths, led_sif_pool,
          minmay_temple_entry_glass, hellmonk_no_cap
D:5:      layout_rooms, mainiacjoe_overflow_boulevard, lemuel_crystal_altar,
          nicolae_uskayaw_murder_on_the_dancefloor, serial_demonic,
          serial_demonic_c, serial_demonic_g, serial_demonic_a,
          serial_demonic_e, dk_noncrumbling_4
D:6:      layout_basic, minmay_three_doors
D:7:      layout_rooms, nzn_wu_jian_council_hall, kennysheep_mini_moat,
          uniq_joseph, uniq_maurice, uniq_maggie
D:8:      layout_rooms, nicolae_overflow_guarded_unrand_okawaru_victory,
          nicolae_houndstooth_variations, uniq_psyche
D:9:      layout_grid_maze, nicolae_ru_path_of_blood, glass_columns_b
D:10:     layout_basic, uniq_harold
D:11:     layout_roguey, erik_lair_dragon
D:12:     layout_long_grid, zombieorc2_lemuel, nzn_hepliaklqana_mist_gate,
          uniq_snorg
D:13:     layout_rooms, uniq_erolcha
D:14:     layout_rooms, grunt_vaults_entry_tiered, due_unseen_surprise,
          uniq_jorgrun
D:15:     hellmonk_depths_entry_around_the_bend, layout_long_grid, serial_shops,
          nicolae_shop_tiny_real_fake_doors, hangedman_abyss_or_decor_passed
Temple:   hellmonk_temple_beads
Lair:1:   beast_lair_carwin_large_1, layout_cave_pods
Lair:2:   layout_cave_pods, lemuel_fruit_fields, grunt_megastairs_3
Lair:3:   layout_layer_cave, mainiacjoe_shoals_entry_four_pools,
          minmay_snake_entry_guardpost_medium, st_stairs_5, lemuel_oklob_altar,
          grunt_megastairs_5
Lair:4:   layout_hall_layers, slime_entry_1, lemuel_fruit_tree, uniq_urug
Lair:5:   grunt_lair_end_beastmaster, layout_loops_ring, grunt_megastairs_1
Shoals:1: layout_shoals, serial_shops, statue_bzr, serial_nicolae_subway,
          nicolae_sub_station_stone, nicolae_sub_station_crystal,
          nicolae_sub_station_metal
Shoals:2: layout_shoals, nicolae_shoals_beach_cooler
Shoals:3: layout_shoals
Shoals:4: shoals_end_hellmonk_lost_city, serial_shops
Snake:1:  layout_onion, grunt_megastairs_4
Snake:2:  layout_basic, portal_ice_cave_entry_ice_statue_two,
          serial_bayou_ford_a
Snake:3:  layout_misc_corridors
Snake:4:  snake_pit_salamanders_mu, layout_chambers, drop_trap,
          serial_bayou_lagoon_a
Slime:1:  layout_caves
Slime:2:  layout_caves, nicolae_slime_barrier
Slime:3:  layout_caves, uniq_dissolution
Slime:4:  layout_caves, cheibrodos_slime_lost_civilization_5
Slime:5:  slime_pit_nicolae_jellycorners
Orc:1:    layout_caves, nicolae_orc_hostile_takeover
Orc:2:    st_orc_mages, layout_diamond_mine, gauntlet_entry_generic,
          nicolae_shop_firing_range, uniq_donald, uniq_azrael
Elf:1:    minmay_elf_arrival_plus, layout_geoelf_octagon,
          minmay_elf_crystal_hexagon
Elf:2:    nicolae_elf_blades_crystal_corner, layout_onion_city, serial_shops,
          shop, guppyfry_elf_castle
Elf:3:    minmay_elf_hall_x, layout_geoelf_grid, minmay_shop_star,
          uniq_saint_roka, uniq_aizul
Vaults:1: nicolae_vaults_mini_display_case, nicolae_vaults_trapezoid_lopsided_3,
          nicolae_vaults_wrenched, v_rooms_2, nicolae_vaults_big_angled_halls,
          hangedman_vaults_corner_blocks, v_misc_28, nicolae_vaults_swerve,
          nicolae_vaults_trapezoid_2, vaults_room_glass_cross,
          hangedman_vaults_pinch, nicolae_vaults_surprise_closet,
          vaults_dpeg_emergency_exit, layout_vaults_omnibox
Vaults:2: nicolae_vaults_triangles, hangedman_vaults_stagger,
          nicolae_vaults_stairing_the_circle, nicolae_vaults_two_Ls,
          nicolae_vaults_shipping_containers_7, nicolae_vaults_tetromino_T_1,
          nicolae_vaults_tetromino_T_2, vaults_room_door_hall,
          nicolae_vaults_wine_cellar, nicolae_vaults_network_periphery,
          nicolae_vaults_lightning_bolt, nicolae_vaults_diamond_2,
          nicolae_vaults_angled_halls, nicolae_vaults_diamond_1,
          layout_vaults_maze_bifur, uniq_bai_suzhen, uniq_nikola
Vaults:3: nicolae_vaults_double_plus_3, serial_library_regret_index_small_wings,
          v_misc_13, minmay_crypt_entry_necro_gods, vaults_room_semicircle,
          nicolae_vaults_hexular_roomagon, nicolae_vaults_rhombus_7,
          nicolae_vaults_variable_pillar_hall, vaults_dpeg_hooks,
          layout_vaults_big_room, uniq_mara, uniq_xtahua
Vaults:4: ontoclasm_vaults_claustrophobia, nicolae_vaults_spaceships,
          nicolae_vaults_tangram_1, nicolae_vaults_offset_grid_hallway_1,
          v_misc_18, nicolae_vaults_puzzle_piece,
          kennysheep_ogre_elephant_herders, nicolae_vaults_little_squares_6,
          v_pattern_3, ontoclasm_vaults_eye, v_misc_3, v_alt_pattern_4,
          nicolae_vaults_ring_of_whatevers, nicolae_vaults_tetromino_T_2,
          nicolae_vaults_double_plus_1, layout_vaults_big_cross
Depths:1: layout_cave_shapes, grunt_metal_band, serial_shops, shop,
          nicolae_ashenzari_skybound, minmay_shop_grove
Depths:2: thingy_vault, layout_small_grid, enter_ziggurat_a,
          pf_hell_entry_tar_spiral, pan_entry, abandoned_shop, enter_trove_3,
          minmay_door_square, grunt_decor_one_mirror,
          grunt_dithmenos_smoke_and_mirrors, serial_bayou_shore_b,
          serial_bayou_shore_b, uniq_norris
Depths:3: lemuel_river_lethe, serial_shops, hell_entry, abyss_entry
Depths:4: grunt_zot_entry_tricorne, layout_cave_pools, serial_co_window_serial,
          co_window_of_opportunity_a, co_window_paths_b, co_window_cross_1,
          co_window_corner_a, co_window_corner_a, co_window_2corner,
          co_window_unsneaky_path_c, co_window_broadway_c, glass_columns_a,
          glass_columns_a, glass_columns_a, hell_entry, uniq_parghit
Zot:1:    layout_gridlike
Zot:2:    layout_twisted_circle, uniq_vv
Zot:3:    layout_gridlike
Zot:4:    layout_basic, regret_index_zotdec_gossamer_parallel,
          st_single_dragon_hoard_4, uniq_grunn
Zot:5:    layout_twisted_circle

Skill      XL: |  1  2  3  4  5  6  7  8  9 10 11 12 13 14 15 16 17 18 19 20 21 22 23 24 25 26 27 |
---------------+----------------------------------------------------------------------------------+-----
Fighting       | 4 5 6 8 10 11 12 14 15 16 18 20 22 23 24 | 24.6
Axes           | 4 5 6 8 10 11 12 14 15 16 17 18 19 | 19.0
Stealth        | 1 2 3 4 5 6 7 8 10 | 10.0
Shields        | 2 4 5 6 9 10 12 15 16 17 18 19 20 21 22 | 22.6
Armour         | 3 4 6 8 10 11 12 14 15 16 18 20 22 23 24 | 24.5
Dodging        | 3 4 5 6 7 8 10 12 14 15 19 20 21 | 21.0
Evocations     | 3 6 7 8 10 12 14 15 | 15.0
Throwing       | 2 4 6 7 8 10 11 12 13 15 19 20 | 20.0

Action                     |  1- 3 |  4- 6 |  7- 9 | 10-12 | 13-15 | 16-18 | 19-21 | 22-24 | 25-27 || total
---------------------------+-------+-------+-------+-------+-------+-------+-------+-------+-------++-------
  Melee: Hand axe          |    83 |   109 |   195 |   680 |    37 |       |       |       |       ||  1104
         Headbutt          |    10 |    11 |    25 |   145 |   249 |   252 |   332 |   176 |   402 ||  1602
         Punch             |     1 |     1 |       |       |       |       |       |       |       ||     2
         Broad axe         |       |       |       |       |   969 |  1029 |  1131 |   512 |  1074 ||  4715
         Battleaxe         |       |       |       |       |    69 |       |       |       |       ||    69
         Unarmed           |       |       |       |       |       |    13 |       |       |       ||    13
   Fire: Sling             |       |       |     1 |       |       |       |     7 |       |       ||     8
  Throw: Dart              |       |    19 |    33 |    17 |    15 |       |     2 |       |     1 ||    87
         Boomerang         |       |       |       |   138 |   200 |   492 |   104 |   115 |    46 ||  1095
         Javelin           |       |       |       |       |       |    48 |   150 |    43 |    47 ||   288
         Throwing net      |       |       |       |       |       |     2 |       |       |       ||     2
 Invoke: Berserk           |       |       |     2 |     2 |     4 |       |     3 |       |       ||    11
         Trog's Hand       |       |       |     1 |     1 |     1 |     6 |    10 |     3 |    10 ||    32
         Brothers in Arms  |       |       |       |       |     1 |       |     3 |       |       ||     4
  Evoke: Wand              |       |       |     2 |     3 |     8 |    32 |     5 |     3 |     4 ||    57
         Lightning rod     |       |       |       |       |     4 |     4 |     4 |       |       ||    12
         Condenser vane    |       |       |       |       |     1 |     1 |     3 |     1 |       ||     6
         Phial of floods   |       |       |       |       |       |       |     2 |       |     1 ||     3
    Use: Scroll            |       |       |       |     9 |    20 |    11 |     9 |     3 |    15 ||    67
         Potion            |       |       |       |       |     4 |     4 |     4 |     3 |    19 ||    34
   Stab: Sleeping          |     1 |       |       |     5 |     1 |       |       |       |       ||     7
         Invisible         |       |       |       |     3 |     2 |       |     1 |       |       ||     6
         Petrified         |       |       |       |       |     5 |       |       |       |       ||     5
         Petrifying        |       |       |       |       |     1 |       |       |       |       ||     1
         Distracted        |       |       |       |       |     1 |       |     7 |       |       ||     8
         Held in net/web   |       |       |       |       |       |     1 |       |       |       ||     1
         Confused          |       |       |       |       |       |     1 |       |       |       ||     1
 Armour: Animal skin       |    15 |       |       |       |       |       |       |       |       ||    15
         Ring mail         |    13 |       |       |       |       |       |       |       |       ||    13
         Chain mail        |    13 |   103 |   158 |    17 |       |       |       |       |       ||   291
         Acid dragon scale |       |       |       |   310 |   441 |       |       |       |       ||   751
         Plate armour      |       |       |       |       |   269 |   678 |   482 |   230 |    91 ||  1750
         Ice dragon scales |       |       |       |       |       |    29 |       |       |       ||    29
         Gold dragon scale |       |       |       |       |       |       |       |       |   531 ||   531
  Dodge: Dodged            |    44 |    56 |    82 |   239 |   451 |   355 |   322 |   228 |   366 ||  2143
  Block: Buckler           |       |     5 |    51 |    79 |    14 |       |       |       |       ||   149
         Kite shield       |       |       |       |       |   433 |   411 |       |       |       ||   844
         Tower shield      |       |       |       |       |       |   308 |   911 |   564 |   924 ||  2707
